 Dungeon Crawl Stone Soup version 0.21.1-1-g345015fe64 (webtiles) character file.

84 Enjoyment the Poker (level 4, 0/35 HPs)
             Began as a Human Berserker on June 21, 2018.
             Was a Believer of Trog.
             Slain by an orc priest
             ... wielding a +0 club
              (2 damage)
             ... on level 4 of the Dungeon.
             The game lasted 00:04:29 (2179 turns).

Enjoyment the Poker (Human Berserker)               Turns: 2179, Time: 00:04:30

Health: 0/35       AC:  5    Str: 19    XL:     4   Next: 74%
Magic:  4/4        EV: 12    Int:  7    God:    Trog [**....]
Gold:   95         SH:  0    Dex: 12    Spells: 3/3 levels left

rFire    . . .     SeeInvis .   a - +0 spear
rCold    . . .     Gourm    .   (no shield)
rNeg     . . .     Faith    .   p - +0 leather armour
rPois    .         Spirit   .   (no helmet)
rElec    .         Reflect  .   r - +0 cloak
rCorr    .         Harm     .   n - +0 pair of gloves
MR       .....                  (no boots)
Stlth    +.........             (no amulet)
HPRegen  0.11/turn              (no ring)
MPRegen  0.09/turn              (no ring)

@: lethally poisoned (0 -> -8)
A: no striking features
a: Berserk, Trog's Hand, Burn Spellbooks, Renounce Religion


You were on level 4 of the Dungeon.
You worshipped Trog.
Trog was pleased with you.
You were not hungry.

You visited 1 branch of the dungeon, and saw 4 of its levels.

You collected 95 gold pieces.

Inventory:

Hand Weapons
 a - a +0 spear (weapon)
Armour
 b - a +0 animal skin
 n - a +0 pair of gloves (worn)
 p - a +0 leather armour (worn)
 r - a +0 cloak (worn)
Scrolls
 d - 4 scrolls of remove curse {unknown}
 e - a scroll of fog {unknown}
 f - 6 scrolls of identify {unknown}
 k - 2 scrolls of amnesia {unknown}
 l - a scroll of enchant armour {unknown}
 o - a scroll of teleportation {unknown}
 s - a scroll of random uselessness {unknown}
Potions
 g - a potion of resistance {unknown}
 h - 2 potions of ambrosia {unknown}
 i - 2 potions of cancellation {unknown}
 j - 2 potions of lignification {unknown}
 m - a potion of curing {unknown}
 q - 2 potions of heal wounds {unknown}


   Skills:
 + Level 3.4 Fighting
 + Level 4.1 Polearms
 + Level 2.1 Armour
 + Level 2.8 Dodging
 + Level 0.4 Stealth


You had 3 spell levels left.
You didn't know any spells.

Dungeon Overview and Level Annotations

Branches:
Dungeon (4/15)
 Temple: D:4-7

Altars:
Cheibriados
Ru
Vehumet
The Shining One


Message History

* * * LOW HITPOINT WARNING * * *
You hit the orc priest.
The orc priest is heavily wounded.
* * * LOW HITPOINT WARNING * * *
You feel sick. The orc priest hits you with a club.
* * * LOW HITPOINT WARNING * * *
The adder barely misses you. Something hits you but does no damage.
You closely miss the orc priest.
The orc priest is heavily wounded.
The adder misses you.
The orc priest calls upon Beogh to heal the orc priest.
The orc priest is healed somewhat.
The orc priest looks braver for a moment.
Something hits you but does no damage.
You hit the orc priest.
The orc priest is moderately wounded.
* * * LOW HITPOINT WARNING * * *
You feel sick. The adder barely misses you. The orc priest misses you.
The orc priest hits you with a club.
You die...

.........#.........
.........#.........
........<#.........
.........#.........
.........#..>......
.......S.#.........
......{S.#.........
.....lo@?....#
......o..###.#
......$..# #.#
.........# #.#
.######### #.#
#PP^..#####.#
#.P..P##.##.#
#P._.^.#.P..###########
#^.P..#.P.#............


You could see an iguana, 2 orc priests and 2 adders.

Vanquished Creatures
  A hound (D:4)
  A worm (D:3)
  2 dart slugs (D:3)
  3 leopard geckos (D:1)
  5 bats
  3 giant cockroaches (D:1)
  5 goblins
  8 hobgoblins
  7 kobolds
  2 frilled lizards (D:1)
  A giant cockroach zombie (D:3)
  A quokka skeleton (D:4)
  3 rats
42 creatures vanquished.

Notes
Turn   | Place    | Note
-------+----------+-------------------------------------------
     0 | D:1      | Enjoyment the Human Berserker began the quest for the Orb.
     0 | D:1      | Reached XP level 1. HP: 18/18 MP: 1/1
   172 | D:1      | Reached XP level 2. HP: 18/24 MP: 2/2
   618 | D:1      | Reached XP level 3. HP: 23/29 MP: 3/3
  1002 | D:2      | Found a radiant altar of Vehumet.
  1011 | D:2      | Reached ** piety under Trog
  1089 | D:2      | Found a glowing golden altar of the Shining One.
  1139 | D:2      | You fall through a shaft!
  1552 | D:3      | Reached XP level 4. HP: 26/35 MP: 4/4
  1701 | D:3      | Found a snail-covered altar of Cheibriados.
  2050 | D:4      | Reached skill level 4 in Polearms
  2139 | D:4      | Found a sacrificial altar of Ru.
  2179 | D:4      | Slain by an orc priest

Skill      XL: |  1  2  3  4 |
---------------+-------------+-----
Polearms       | 4 |  4.1
Fighting       | |  3.4
Armour         | |  2.1
Dodging        | |  2.8
Stealth        | |  0.4

Action                   |  1- 3 |  4- 6 || total
-------------------------+-------+-------++-------
Melee: Spear             |   122 |    49 ||   171
  Eat: Ration            |     1 |     1 ||     2
Armor: Animal skin       |    18 |       ||    18
       Leather armour    |     8 |    12 ||    20
Dodge: Dodged            |    76 |    26 ||   102
